 Dungeon Crawl Stone Soup version 0.25.1-2-g60ff931df9 (webtiles) character file.

Game seed: 9518300048859835203

1816632 Diggabert the Minotaur Barricade (level 27, 268/268 (273) HPs)
             Began as a Minotaur Fighter on Oct 15, 2020.
             Was the Champion of Makhleb.
             Escaped with the Orb
             ... and 3 runes on Oct 21, 2020!
             The game lasted 04:57:19 (63767 turns).

Diggabert the Minotaur Barricade (MiFi)            Turns: 63767, Time: 04:57:20

HP:   268/268 (273) AC: 36    Str: 30    XL:     27
MP:   30/30         EV: 28    Int: 11    God:    Makhleb [******]
Gold: 5916          SH: 37    Dex: 19    Spells: 26/26 levels left

rFire    . . .     SeeInvis +   w - +9 eveningstar of Pain and Death {protect, rC+ Int+8 Dex+4}
rCold    + + .     Gourm    .   P - +4 tower shield
rNeg     . . .     Faith    .   c - +5 plate armour {MR+}
rPois    +         Spirit   .   O - +2 hat
rElec    +         Reflect  +   T - +2 cloak {rPois}
rCorr    .         Harm     .   M - +2 pair of gloves {Str+3}
MR       +++..     Rnd*Rage +   Z - +2 pair of boots {run}
Stlth    ..........             g - amulet of reflection
HPRegen  0.54/turn              h - +4 ring of slaying
MPRegen  0.22/turn              x - +4 ring of evasion

@: quick
A: retaliatory headbutt, horns 2, see invisible, berserk 2, cold resistance 1,
deformed body, dopey 1, low mp 1, electricity resistance, weak 1, subdued magic
1
0: Orb of Zot
}: 3/15 runes: serpentine, barnacled, silver
a: Minor Destruction, Lesser Servant of Makhleb, Major Destruction, Greater
Servant of Makhleb, Renounce Religion


You escaped.
You worshipped Makhleb.
Makhleb was exalted by your worship.
You were not hungry.

You visited 9 branches of the dungeon, and saw 49 of its levels.
You visited the Abyss 5 times.
You also visited: Trove, Ice Cave and Wizlab.

You collected 9781 gold pieces.
You spent 3865 gold pieces at shops.

Inventory:

Hand Weapons
 w - the +9 eveningstar of Pain and Death (weapon) {protect, rC+ Int+8 Dex+4}
   (You found it in a treasure trove)

   It grants its wielder temporary protection when it strikes (+7 to AC).
   It affects your intelligence (+8).
   It affects your dexterity (+4).
   It protects you from cold.
Missiles
 u - 200 poisoned darts
 F - 4 boomerangs of dispersal
 X - 6 throwing nets (quivered)
Armour
 c - a +5 plate armour of magic resistance (worn)
 M - a +2 pair of gloves of strength (worn)
 O - a +2 hat (worn)
 P - a +4 tower shield (worn)
 T - a +2 cloak of poison resistance (worn)
 Y - a +2 cloak of preservation
 Z - a +2 pair of boots of running (worn)
Jewellery
 e - a +4 ring of slaying
 g - an amulet of reflection (around neck)
 h - a +4 ring of slaying (left hand)
 t - an uncursed amulet of regeneration
 x - a +4 ring of evasion (right hand)
 H - an uncursed ring of fire
 W - an uncursed ring of protection from fire
Scrolls
 a - a scroll of acquirement
 b - 7 scrolls of fog
 j - 21 scrolls of identify
 m - 7 scrolls of immolation
 n - 16 scrolls of enchant weapon
 q - 10 scrolls of magic mapping
 s - 5 scrolls of fear
 v - 5 scrolls of teleportation
 y - 6 scrolls of vulnerability
 G - 3 scrolls of holy word
 K - 4 scrolls of silence
 L - 4 scrolls of brand weapon
 N - 27 scrolls of remove curse
 S - 12 scrolls of amnesia
 V - a scroll of summoning
Potions
 d - 10 potions of might
 i - 5 potions of brilliance
 k - 5 potions of cancellation
 l - 10 potions of mutation
 o - 9 potions of flight
 p - 4 potions of haste
 r - 20 potions of curing
 z - 9 potions of stabbing
 A - 8 potions of lignification
 B - 5 potions of berserk rage
 E - 13 potions of ambrosia
 I - 6 potions of invisibility
 J - 5 potions of magic
 R - 3 potions of resistance
 U - 5 potions of heal wounds
Comestibles
 f - 107 rations


   Skills:
 O Level 27 Fighting
 O Level 27 Maces & Flails
 * Level 25.4 Armour
 * Level 21.2 Dodging
 O Level 27 Shields
 - Level 16.4 Invocations


You had 26 spell levels left.
You didn't know any spells.
Your spell library contained the following spells:

 Spells                   Type           Power        Failure   Level  Hunger
 Apportation              Tloc           #.....       67%         1    ##.....
 Beastly Appendage        Tmut           #.....       67%         1    ##.....
 Corona                   Hex            #......      67%         1    ##.....
 Foxfire                  Conj/Fire      #...         67%         1    ##.....
 Freeze                   Ice            #...         67%         1    ##.....
 Infusion                 Chrm           #...         67%         1    ##.....
 Magic Dart               Conj           #...         67%         1    ##.....
 Sandblast                Erth           #.....       67%         1    ##.....
 Shock                    Conj/Air       #...         67%         1    ##.....
 Summon Butterflies       Summ           #.......     67%         1    ##.....
 Summon Small Mammal      Summ           #...         67%         1    ##.....
 Call Imp                 Summ           #.......     82%         2    ###....
 Ensorcelled Hibernation  Hex/Ice        #.....       82%         2    ###....
 Passwall                 Tmut/Erth      #.......     82%         2    ###....
 Searing Ray              Conj           #.....       82%         2    ###....
 Shroud of Golubria       Chrm/Tloc      #.....       82%         2    ###....
 Song of Slaying          Chrm           #.......     82%         2    ###....
 Swiftness                Chrm/Air       #.......     82%         2    ###....
 Call Canine Familiar     Summ           #.......     96%         3    ####...
 Confusing Touch          Hex            #.......     96%         3    ####...
 Conjure Flame            Conj/Fire      #.......     96%         3    ####...
 Dazzling Flash           Conj/Hex       #.....       96%         3    ####...
 Frozen Ramparts          Ice            #.....       96%         3    ####...
 Gell's Gravitas          Tloc           #.........   96%         3    ####...
 Ignite Poison            Fire/Tmut/Pois #.......     96%         3    ####...
 Inner Flame              Hex/Fire       #.......     96%         3    ####...
 Lesser Beckoning         Tloc           #.........   96%         3    ####...
 Ozocubu's Armour         Chrm/Ice       #.......     96%         3    ####...
 Recall                   Summ/Tloc      N/A          96%         3    ####...
 Spectral Weapon          Hex/Chrm       #.......     96%         3    ####...
 Spider Form              Tmut/Pois      #.........   96%         3    ####...
 Static Discharge         Conj/Air       #.......     96%         3    ####...
 Stone Arrow              Conj/Erth      #.....       96%         3    ####...
 Summon Guardian Golem    Hex/Summ       #.......     96%         3    ####...
 Tukima's Dance           Hex            #.......     96%         3    ####...
 Airstrike                Air            #.........   100%        4    #####..
 Fulminant Prism          Conj/Hex       #.........   100%        4    #####..
 Hailstorm                Conj/Ice       #.......     100%        4    #####..
 Iskenderun's Mystic Bla  Conj/Tloc      #.......     100%        4    #####..
 Leda's Liquefaction      Hex/Erth       #.........   100%        4    #####..
 Petrify                  Tmut/Erth      #.......     100%        4    #####..
 Sticky Flame             Conj/Fire      #.......     100%        4    #####..
 Summon Ice Beast         Ice/Summ       #.......     100%        4    #####..
 Summon Lightning Spire   Summ/Air       #.......     100%        4    #####..
 Alistair's Intoxication  Tmut/Pois      #.......     100%        5    ######.
 Aura of Abjuration       Summ           #.........   100%        5    ######.
 Bolt of Magma            Conj/Fire/Erth #.........   100%        5    ######.
 Fireball                 Conj/Fire      #.........   100%        5    ######.
 Irradiate                Conj/Tmut      #.........   100%        5    ######.
 Iskenderun's Battlesphe  Conj/Chrm      #.......     100%        5    ######.
 Lee's Rapid Deconstruct  Erth           #.........   100%        5    ######.
 Lightning Bolt           Conj/Air       #.........   100%        5    ######.
 Metabolic Englaciation   Hex/Ice        #.........   100%        5    ######.
 Silence                  Hex/Air        #.........   100%        5    ######.
 Summon Demon             Summ           #.........   100%        5    ######.
 Summon Forest            Summ/Tloc      #.........   100%        5    ######.
 Summon Mana Viper        Hex/Summ       #.......     100%        5    ######.
 Yara's Violent Unravell  Hex/Tmut       #.........   100%        5    ######.
 Conjure Ball Lightning   Conj/Air       #.........   100%        6    #######
 Darkness                 Hex            #.........   100%        6    #######
 Hydra Form               Tmut           #.........   100%        6    #######
 Invisibility             Hex            #.......     100%        6    #######
 Iron Shot                Conj/Erth      #.........   100%        6    #######
 Shadow Creatures         Summ           N/A          100%        6    #######
 Simulacrum               Ice/Necr       #.........   100%        6    #######
 Starburst                Conj/Fire      #.........   100%        6    #######
 Statue Form              Tmut/Erth      #........    100%        6    #######
 Haunt                    Necr/Summ      #.........   100%        7    #######
 Malign Gateway           Summ/Tloc      #.........   100%        7    #######
 Monstrous Menagerie      Summ           #.........   100%        7    #######
 Orb of Destruction       Conj           #.........   100%        7    #######
 Ring of Flames           Chrm/Fire      #.........   100%        7    #######
 Spellforged Servitor     Conj/Summ      #.........   100%        7    #######
 Summon Greater Demon     Summ           #.........   100%        7    #######
 Summon Hydra             Summ           #.........   100%        7    #######
 Borgnjor's Revivificati  Necr           #.........   100%        8    #######
 Death's Door             Chrm/Necr      #.........   100%        8    #######
 Ignition                 Fire           #.........   100%        8    #######
 Infestation              Necr           #.........   100%        8    #######
 Necromutation            Tmut/Necr      #.........   100%        8    #######
 Summon Horrible Things   Summ           #.........   100%        8    #######
 Shatter                  Erth           #.........   100%        9    #######
 Tornado                  Air            #.........   100%        9    #######


Dungeon Overview and Level Annotations

Branches:
Dungeon (15/15)            Temple (0/1) D:6            Lair (6/6) D:10
 Shoals (4/4) Lair:2        Snake (4/4) Lair:3        Slime (0/5) Lair:6
    Orc (2/2) D:11            Elf (3/3) Orc:2        Vaults (5/5) D:14
  Crypt (0/3) Vaults:3     Depths (5/5) D:15            Zot (5/5) Depths:5
  IceCv (visited)          WizLab (visited)

Altars:
Ashenzari
Elyvilon
Fedhas
Gozag
Makhleb
Nemelex Xobeh
Okawaru
Qazlal
Sif Muna
Trog
Uskayaw
Vehumet
Xom
Zin
The Shining One
Beogh

Shops:
D:8 *   D:13 ([   Orc:2 [%?*   Vaults:2 *:

Portals:
Hell: Depths:1 Depths:2 Depths:3 Depths:4 Depths:5
Abyss: Depths:4
Pandemonium: Depths:3 Depths:5
Ziggurat: Depths:1

Annotations:
Lair:4 exclusion: 4 oklob plants
Snake:2 Roxanne


Innate Abilities, Weirdness & Mutations

You reflexively headbutt those who attack you in melee.
You have a pair of horns on your head.
You have supernaturally acute eyesight. (SInv)
You often lose your temper in combat.
Your flesh is cold resistant. (rC+)
Armour fits poorly on your strangely shaped body.
You are dopey. (Int -2)
Your magical capacity is low. (-10% MP)
You are resistant to electric shocks. (rElec)
You are weak. (Str -2)
Your spells are a little easier to cast, but a little less powerful.


Message History

A neqoxec comes into view.
You block the neqoxec's attack.
You hit the neqoxec.
Your weapon exudes an aura of protection.
Your headbutt misses the neqoxec.
The neqoxec is lightly wounded.
The neqoxec gestures.
You spit the neqoxec like a pig!!!
You kill the neqoxec!
Makhleb accepts your kill.
The quasit disappears in a puff of smoke!
The iron imp disappears in a puff of smoke!
The crimson imp disappears in a puff of smoke!
You see here 27 stones.
There is a stone staircase leading up here.
You climb upwards.
There is a stone staircase leading down here.
You see here a club.
There is a staircase leading out of the dungeon here.
You have escaped!

################
#...>..........#
#.#######)####.# #.#
#.# #.# #.# #.# #.#
########.# ##.## #.#
.......#.### ##...###.#
#.....)....###.....####
#.####.#.###'...@...'##
#.# #.#.##.##.....##.#
.># #.#..##(##...##.##
######.#..###'##.##'##
.....#....###.##.##.##
####....#.##...#+#...##
######.#....'.'....#
### ####...###...###
##.## ###.## ##.##.#


There were no monsters in sight!

Vanquished Creatures
  10 ancient liches
  2 orbs of fire (Zot:4)
  Mara (Snake:4)
  2 juggernauts
  6 Killer Klowns
  Frederick (Depths:4)
  Bai Suzhen (Shoals:4)
  3 caustic shrikes (Depths:5)
  3 curse toes
  9 golden dragons
  3 bone dragons
  3 electric golems
  4 liches
  12 tentacled monstrosities
  The ghost of Snicker the Eclecticist, an adept DrIE of Gozag (Vaults:1)
  24 Orb Guardians (Zot:5)
  2 deep elf master archers (Elf:3)
  2 deep elf blademasters (Elf:3)
  The ghost of Lolleill the Bludgeoner, an adept DgTm (Vaults:1)
  3 quicksilver dragons
  Asterion (Snake:1)
  8 tentacled starspawn
  6 titans
  2 sphinxes
  An ancient champion (Vaults:3)
  Polyphemus (Shoals:4)
  A kraken (Shoals:3)
  An Executioner (D:10)
  Gastronok (Lair:2)
  Kirke (Lair:5)
  The ghost of flotson the Severer, an adept DsMo of Fedhas (Elf:3)
  Agnes (D:14)
  12 death cobs
  7 tengu reavers
  A revenant (Abyss:3)
  16 shadow dragons
  4 draconian monks
  16 storm dragons
  Ilsuiw (Shoals:2)
  10 nagarajas
  3 iron dragons
  2 daevas (Abyss:3)
  14 fire giants
  13 frost giants
  Aizul (Snake:1)
  3 draconian knights
  6 deep elf sorcerers
  7 draconian scorchers
  18 vault wardens
  3 draconian shifters
  A curse skull (Vaults:1)
  4 orc warlords
  2 cacodemons
  2 ghost moths
  2 draconian stormcallers (Depths:5)
  13 ironheart preservers
  3 spriggan defenders (Depths:4)
  A deep elf elementalist (Elf:3)
  4 draconian annihilators
  6 green draconians
  17 very ugly things
  36 stone giants
  2 entropy weavers
  13 deep elf demonologists
  7 deep elf annihilators
  A vampire knight (Depths:2)
  15 black draconians
  9 yellow draconians
  14 white draconians
  8 purple draconians
  4 spark wasps
  10 merfolk javelineers
  3 red draconians
  8 deep elf death magi
  A green death (Depths:3)
  3 eidola
  8 ettins
  The ghost of caec the Transmogrifier, a journeyman DrTm of Hepliaklqana (Lair:5)
  A jiangshi (Vaults:3)
  13 fire dragons
  22 yaktaur captains
  5 deep elf high priests
  13 merfolk impalers
  Josephine (Orc:1)
  8 ogre magi
  4 ice dragons
  37 vault guards
  Fannar (D:10)
  10 great orbs of eyes
  8 hydras
  5 rakshasas
  11 naga warriors
  2 catoblepae
  5 death knights
  2 alligators (Lair:5)
  6 merfolk avatars
  8 spriggan air magi
  3 alligator snapping turtles
  7 anacondas
  4 merfolk aquamancers
  2 two-headed ogres (shapeshifter)
  14 centaur warriors
  21 dancing weapons
  A satyr (Shoals:4)
  20 two-headed ogres
  3 vampire magi
  Erica (Lair:1)
  6 death yaks
  5 tengu warriors
  16 thrashing horrors
  6 deep troll shamans
  10 deep troll earth magi
  8 shock serpents
  9 spriggan berserkers
  5 orc high priests
  4 soul eaters
  Nergalle (Lair:1)
  Urug (D:11)
  5 wretched stars (Abyss:3)
  11 naga sharpshooters
  25 deep elf knights
  The ghost of Turner1 the Cleaver, a novice HOFi of Beogh (D:6)
  The ghost of Diggabert the Cleaver, a novice MiFi of Makhleb (D:8)
  2 shadow wraiths
  5 sixfirhies
  2 sun demons (Abyss:3)
  2 spatial maelstroms (Abyss:3)
  5 hell knights (Depths:3)
  3 iron trolls
  3 salamander mystics
  8 flayed ghosts
  2 storm dragon skeletons
  21 sea snakes
  6 skeletal warriors
  A death drake (shapeshifter) (Vaults:4)
  30 deep trolls
  7 unseen horrors
  An infernal demonspawn (Zot:3)
  5 naga ritualists
  2 death drakes (Zot:3)
  A glowing orange brain (shapeshifter) (Vaults:2)
  5 glowing orange brains
  2 wizards
  A torturous demonspawn (D:7)
  12 ironbrand convokers
  54 deep elf magi
  16 deep elf archers
  9 harpies
  2 necromancers
  3 phantasmal warriors
  A tengu zombie (Vaults:3)
  21 orc knights
  30 ugly things
  20 cyclopes
  5 mana vipers
  A mana viper (shapeshifter) (Vaults:5)
  12 manticores
  A harpy (shapeshifter) (Elf:3)
  A tengu skeleton (Vaults:3)
  7 orc sorcerers
  2 wolf spiders
  A wolf spider (shapeshifter) (Vaults:5)
  A moth of wrath (shapeshifter) (Elf:3)
  A rust devil (Abyss:3)
  4 worldbinders
  A black mamba (shapeshifter) (Vaults:5)
  7 fauns
  12 salamanders
  8 merfolk sirens
  Joseph (D:10)
  23 large abominations
  4 elephants
  2 apocalypse crabs (Abyss:3)
  9 guardian serpents
  9 smoke demons
  39 moths of wrath
  6 water nymphs
  A torpor snail (Lair:4)
  A water nymph (shapeshifter) (Elf:3)
  31 black mambas
  3 guardian serpents (shapeshifter)
  27 naga magi
  A centaur zombie (D:15)
  2 ice statues (IceCv)
  6 orange demons
  A gargoyle (D:10)
  17 vault sentinels
  Maurice (D:12)
  Maggie (D:7)
  9 spiny frogs
  A spiny frog (shapeshifter) (Elf:3)
  3 kobold demonologists (D:13)
  7 freezing wraiths
  2 rime drakes (Lair:4)
  7 komodo dragons
  58 yaktaurs
  10 ice devils
  A yaktaur (shapeshifter) (Depths:4)
  4 efreet
  A red devil (Depths:3)
  5 ancient zymes
  A demonic crawler (Abyss:3)
  2 guardian mummies
  A queen bee (shapeshifter) (Elf:3)
  3 tengu conjurers
  6 wind drakes
  5 polar bears (Lair:6)
  2 queen bees
  37 merfolk
  A meliai (shapeshifter) (Vaults:5)
  7 meliai
  7 trolls
  8 hornets
  19 raiju
  A jumping spider (shapeshifter) (Depths:4)
  An ettin zombie (Abyss:3)
  21 slime creatures
  22 blink frogs
  Grinder (D:6)
  10 hippogriffs
  8 snapping turtles
  13 dream sheep
  4 shadows
  14 spriggans
  A black mamba zombie (Abyss:3)
  5 flying skulls (Abyss:3)
  3 air elementals
  2 tarantellas (shapeshifter) (Elf:3)
  2 vampires
  A redback (shapeshifter) (Vaults:4)
  A redback (Vaults:1)
  14 water elementals
  22 yaks
  A fire bat (Abyss:3)
  8 wraiths
  A human (D:8)
  4 basilisks
  6 golden eyes
  4 wyverns
  A yak (shapeshifter) (Depths:2)
  9 ynoxinuls (Abyss:3)
  Grum (D:10)
  6 chaos spawn
  A steam dragon (D:7)
  6 fire elementals
  3 hungry ghosts
  A hog (shapeshifter) (Elf:3)
  6 hogs
  6 neqoxecs
  2 swamp worms (Lair:5)
  14 vampire mosquitoes
  3 acid dragons
  A swamp worm (shapeshifter) (Elf:3)
  6 wargs
  5 spatial vortices (Abyss:3)
  A deep troll zombie (Vaults:3)
  75 nagas
  5 insubstantial wisps (Abyss:3)
  3 hell hounds (Abyss:3)
  7 porcupines
  17 water moccasins
  6 black bears
  A sky beast (Abyss:3)
  2 swamp drakes (Lair:5)
  38 orc warriors
  4 ice beasts
  22 starcursed masses
  An ettin simulacrum (Abyss:3)
  3 phantoms
  2 eyes of draining
  2 necrophages
  A tengu (shapeshifter) (Vaults:2)
  15 ogres
  20 centaurs
  32 wolves
  15 crocodiles
  16 boggarts
  A manticore skeleton (Abyss:3)
  21 small abominations
  Blork the orc (D:5)
  3 big kobolds
  29 bullfrogs
  2 gnoll sergeants (D:8)
  4 earth elementals
  A wyvern skeleton (D:13)
  4 scorpions
  A spriggan zombie (Abyss:3)
  5 troll zombies (WizLab)
  64 killer bees
  7 wights
  An electric eel (Lair:6)
  3 howler monkeys (D:8)
  12 crimson imps
  4 bullfrog zombies
  4 jellies
  5 quasits
  7 hounds
  2 human simulacra (Vaults:3)
  A centaur skeleton (D:9)
  23 orc priests
  2 bullfrog skeletons
  A gnoll shaman (D:6)
  19 orc wizards
  6 iguanas
  An iron imp (Abyss:3)
  Jessica (D:3)
  A hell rat (Lair:4)
  12 worker ants
  7 ogre zombies (WizLab)
  A hound zombie (D:6)
  A howler monkey skeleton (D:11)
  19 adders
  12 gnolls
  A river rat (shapeshifter) (Vaults:5)
  6 shadow imps
  12 white imps
  11 ufetubi
  An ooze (shapeshifter) (Vaults:5)
  3 worms
  6 dart slugs
  9 leopard geckos
  109 orcs
  3 ball pythons
  A giant cockroach (D:5)
  4 goblins
  6 hobgoblins
  5 jackals
  17 kobolds
  6 quokkas
  7 bats
  8 frilled lizards
  A jackal zombie (D:5)
  A quokka zombie (D:5)
  9 rats
  5 crawling corpses (Vaults:5)
  A lurking horror (Abyss:4)
  6 plants (Shoals:4)
  7 starspawn tentacles (Abyss:3)
  4 tentacles (Shoals:3)
2609 creatures vanquished.

Vanquished Creatures (collateral kills)
  2 tengu reavers (Vaults:5)
  A frost giant (Vaults:5)
  A vault warden (Vaults:5)
  A small abomination (Vaults:5)
  A naga mage (Snake:4)
  2 merfolk
  2 dream sheep (Shoals:3)
  2 yaks (Lair:3)
  A water moccasin (Lair:3)
13 creatures vanquished.

Vanquished Creatures (others)
  An Orb Guardian (Zot:5)
  2 tengu reavers (Vaults:5)
  A reaper (IceCv)
  A merfolk impaler (Shoals:3)
  A yaktaur captain (Vaults:5)
  A merfolk aquamancer (Shoals:1)
  A necromancer (Depths:4)
  A phantasmal warrior (Vaults:5)
  An ironbrand convoker (Vaults:5)
  2 manticores (Shoals:4)
  A vault sentinel (Vaults:5)
  A hornet (Vaults:5)
  A dream sheep (Shoals:3)
  A water elemental (Abyss:4)
  2 ogres (Vaults:5)
  An orc wizard (Orc:2)
  A shadow imp (Abyss:3)
  3 white imps (IceCv)
  An ufetubus (IceCv)
  An orc (Vaults:3)
  A kobold (D:11)
  3 briar patches (Abyss:3)
  2 crawling corpses (Vaults:5)
  A fungus (Lair:6)
  A lurking horror (Abyss:3)
  10 plants
  22 starspawn tentacles
  8 tentacles (Shoals:3)
73 creatures vanquished.

Grand Total: 2695 creatures vanquished

Notes
Turn   | Place    | Note
-------+----------+-------------------------------------------
     0 | D:1      | Diggabert the Minotaur Fighter began the quest for the Orb.
     0 | D:1      | Reached XP level 1. HP: 19/19 MP: 0/0
   310 | D:1      | Reached XP level 2. HP: 26/27 MP: 1/1
   871 | D:2      | Reached XP level 3. HP: 33/33 MP: 2/2
  1198 | D:2      | Reached skill level 1 in Dodging
  1310 | D:2      | Reached XP level 4. HP: 40/40 MP: 3/3
  1562 | D:3      | Noticed Jessica
  1567 | D:3      | Killed Jessica
  1706 | D:3      | Reached XP level 5. HP: 23/47 MP: 2/4
  2011 | D:3      | Found a bloodstained altar of Trog.
  2011 | D:3      | Found a stormy altar of Qazlal.
  2016 | D:3      | Found a shimmering altar of Xom.
  2018 | D:3      | Found a glowing golden altar of the Shining One.
  2019 | D:3      | Found a shattered altar of Ashenzari.
  2648 | D:4      | Reached skill level 5 in Maces & Flails
  2649 | D:4      | Reached XP level 6. HP: 40/53 MP: 2/5
  2655 | D:4      | Reached skill level 5 in Armour
  3389 | D:5      | Entered Level 5 of the Dungeon
  3418 | D:5      | Noticed a water moccasin
  3424 | D:5      | Killed a water moccasin
  3424 | D:5      | Reached skill level 5 in Shields
  3424 | D:5      | Reached XP level 7. HP: 50/60 MP: 6/6
  3635 | D:5      | Noticed Blork the orc
  3641 | D:5      | Killed Blork the orc
  3680 | D:5      | Reached skill level 5 in Fighting
  3890 | D:5      | Reached XP level 8. HP: 68/68 MP: 7/7
  4422 | D:6      | Found a runed translucent gate.
  4422 | D:6      | Found a runed translucent gate.
  4422 | D:6      | Found a runed translucent gate.
  4423 | D:6      | Found a roughly hewn altar of Beogh.
  4423 | D:6      | Noticed Turner1's ghost (novice HOFi)
  4457 | D:6      | Found a burning altar of Makhleb.
  4466 | D:6      | Became a worshipper of Makhleb the Destroyer
  4844 | D:6      | Reached skill level 1 in Invocations
  4913 | D:6      | Noticed Grinder
  4926 | D:6      | Killed Grinder
  4926 | D:6      | Reached XP level 9. HP: 44/75 MP: 7/9
  5125 | D:6      | Found a staircase to the Ecumenical Temple.
  5326 | D:6      | Found an opulent altar of Gozag.
  5327 | D:6      | Found a glowing silver altar of Zin.
  5668 | D:6      | Killed Turner1's ghost
  5684 | D:6      | Reached * piety under Makhleb
  6184 | D:7      | Noticed Maggie
  6194 | D:7      | Killed Maggie
  6194 | D:7      | Reached skill level 10 in Maces & Flails
  6463 | D:7      | Reached XP level 10. HP: 67/84 MP: 11/11
  6984 | D:8      | Reached skill level 5 in Dodging
  7085 | D:8      | Found Silamuh's Assorted Antiques.
  7088 | D:8      | Bought a clouded platinum ring for 110 gold pieces
  7089 | D:8      | Identified the ring of Cochomi {MP+9 Stlth+} (You bought it
                  | in a shop on level 8 of the Dungeon)
  7269 | D:8      | Found an iron altar of Okawaru.
  7312 | D:8      | You fall into a shaft and drop 1 floor!
  7390 | D:9      | Reached ** piety under Makhleb
  7779 | D:8      | Found a hide-covered altar of Uskayaw.
  7864 | D:8      | Found a runed translucent door.
  7866 | D:8      | Noticed Diggabert's ghost (novice MiFi)
  7872 | D:8      | Noticed a great orb of eyes
  7881 | D:8      | Killed Diggabert's ghost
  7889 | D:8      | Killed a great orb of eyes
  7954 | D:8      | Reached skill level 10 in Shields
  7960 | D:8      | Reached XP level 11. HP: 94/94 MP: 13/13
  8468 | D:10     | Entered Level 10 of the Dungeon
  8468 | D:10     | Noticed Fannar
  8487 | D:10     | Killed Fannar
  8496 | D:10     | Killed an unseen horror
  8595 | D:10     | Reached *** piety under Makhleb
  8611 | D:10     | Found a staircase to the Lair.
  8633 | D:10     | Reached skill level 5 in Invocations
  9278 | D:10     | Noticed Joseph
  9288 | D:10     | Killed Joseph
  9307 | D:10     | Noticed Grum
  9339 | D:10     | Killed Grum
  9382 | D:10     | Found a blossoming altar of Fedhas.
  9695 | D:11     | Killed an unseen horror
  9695 | D:11     | Reached skill level 10 in Armour
  9783 | D:11     | Found a staircase to the Orcish Mines.
  9847 | D:11     | Killed an unseen horror
  9928 | D:11     | Reached **** piety under Makhleb
  9952 | D:11     | Noticed a purple ugly thing
  9954 | D:11     | Noticed a brown ugly thing
  9961 | D:11     | Killed a brown ugly thing
  9968 | D:11     | Killed a brown ugly thing
  9968 | D:11     | Reached XP level 12. HP: 103/103 MP: 15/15
 10029 | D:11     | Found a portal to a secret trove of treasure.
 10325 | D:11     | Noticed Urug
 10325 | D:11     | Noticed a two-headed ogre
 10341 | D:11     | Killed a two-headed ogre
 10371 | D:11     | Killed Urug
 10919 | Lair:1   | Entered Level 1 of the Lair of Beasts
 10919 | Lair:1   | Noticed Erica
 10919 | Lair:1   | Noticed a five-headed hydra
 10936 | D:10     | Killed a five-headed hydra
 10953 | Lair:1   | Killed Erica
 11043 | Lair:1   | You fall into a shaft and drop 1 floor!
 11251 | D:11     | You paid a toll of 3 potions of resistance to enter a
                  | treasure trove
 11252 | Trove    | Entered a treasure trove
 11255 | Trove    | Found the +7 Spriggan's Knife {stab, EV+4 Stlth+}
 11265 | Trove    | Got a steaming eveningstar
 11266 | Trove    | Identified the +9 eveningstar of Pain and Death {protect,
                  | rC+ Int+8 Dex+4} (You found it in a treasure trove)
 11511 | Lair:1   | Noticed Nergalle
 11515 | Lair:1   | Killed Nergalle
 11886 | Lair:1   | Found the +8 whip "Snakebite" {curare, rPois}
 12133 | Lair:2   | Noticed Gastronok
 12147 | Lair:2   | Killed Gastronok
 12147 | Lair:2   | Reached skill level 15 in Maces & Flails
 12147 | Lair:2   | Reached XP level 13. HP: 111/111 MP: 17/17
 12212 | Lair:2   | Found a staircase to the Shoals.
 12878 | Lair:3   | Found a shattered altar of Ashenzari.
 13113 | Lair:3   | Found a staircase to the Snake Pit.
 13682 | Lair:4   | Reached ***** piety under Makhleb
 14840 | Lair:5   | Noticed Kirke
 14853 | Lair:5   | Killed Kirke
 14923 | Lair:5   | Reached XP level 14. HP: 119/119 MP: 18/18
 14947 | Lair:5   | Found a glowing silver altar of Zin.
 14999 | Lair:5   | Reached ****** piety under Makhleb
 15043 | Lair:5   | Reached skill level 10 in Fighting
 15309 | Lair:5   | Found a runed translucent door.
 15309 | Lair:5   | Noticed caec's ghost (journeyman DrTm)
 15507 | Lair:5   | Killed caec's ghost
 15544 | Lair:6   | Entered Level 6 of the Lair of Beasts
 15752 | Lair:6   | Found a staircase to the Slime Pits.
 15794 | Lair:6   | Identified the +7 falchion of the Scavenger {flame, rPois
                  | MR++ Str+5}
 16312 | Lair:6   | Found a sparkling altar of Nemelex Xobeh.
 16821 | Orc:1    | Entered Level 1 of the Orcish Mines
 16862 | Orc:1    | Noticed Josephine
 16869 | Orc:1    | Killed Josephine
 17131 | Orc:2    | Entered Level 2 of the Orcish Mines
 17528 | Orc:2    | Found a staircase to the Elven Halls.
 17621 | Orc:2    | Noticed an orc warlord
 17973 | Orc:2    | Found Xifus's Assorted Antiques.
 18504 | Orc:2    | Paralysed by an orc sorcerer for 2 turns
 18518 | Orc:2    | Killed an orc warlord
 18532 | Orc:2    | Paralysed by an orc sorcerer for 3 turns
 18987 | Orc:2    | Reached skill level 15 in Shields
 19040 | Orc:2    | Found Uzyrumick's Magic Scroll Emporium.
 19046 | Orc:2    | Found Hufuziph's Food Shop.
 19049 | Orc:2    | Found Eboj's Antique Armour Shop.
 19054 | Orc:2    | Reached XP level 15. HP: 130/130 MP: 21/21
 19429 | Orc:2    | Bought a pair of glowing gloves for 247 gold pieces
 19444 | Orc:2    | Bought a pair of faintly humming boots for 294 gold pieces
 19454 | Orc:2    | Identified the cursed +0 pair of boots of Focus {Int+3}
                  | (You bought it in a shop on level 2 of the Orcish Mines)
 19468 | Orc:2    | Bought a scroll of acquirement for 624 gold pieces
 19468 | Orc:2    | Bought 2 scrolls of acquirement for 1248 gold pieces
 19469 | Orc:2    | Acquired a manual of Dodging
 19471 | Orc:2    | Acquired 1970 gold pieces
 19473 | Orc:2    | Acquired a +0 cloak of stealth
 19492 | Orc:2    | Bought a potion of heal wounds for 165 gold pieces
 19492 | Orc:2    | Bought a warped brass ring for 165 gold pieces
 19493 | Orc:2    | Identified the ring of the Equinox {Fire Str+2} (You bought
                  | it in a shop on level 2 of the Orcish Mines)
 19507 | Orc:2    | Bought a pair of runed gloves for 232 gold pieces
 19520 | Orc:2    | Bought a scroll of identify for 24 gold pieces
 19520 | Orc:2    | Bought a scroll of identify for 24 gold pieces
 19520 | Orc:2    | Bought a scroll of identify for 24 gold pieces
 19520 | Orc:2    | Bought a scroll of identify for 24 gold pieces
 19824 | D:12     | Noticed Maurice
 20128 | D:12     | Killed Maurice
 20706 | D:13     | Found Ylinobat's Armour Emporium.
 20945 | D:13     | Found Roirui Zore's Antique Weapon Shoppe.
 21804 | D:14     | Found a gate to the Vaults.
 21827 | D:14     | Reached skill level 10 in Invocations
 21906 | D:14     | Noticed Agnes
 21916 | D:14     | Killed Agnes
 22416 | D:15     | Entered Level 15 of the Dungeon
 22486 | D:15     | Found a staircase to the Depths.
 22704 | D:15     | Reached skill level 10 in Dodging
 22747 | D:15     | Found a white marble altar of Elyvilon.
 22860 | D:15     | Found a frozen archway.
 22907 | D:15     | Reached XP level 16. HP: 141/141 MP: 22/22
 22940 | IceCv    | Entered an ice cave
 24076 | Snake:1  | Entered Level 1 of the Snake Pit
 24502 | Snake:1  | Noticed Asterion
 24513 | Snake:1  | Killed Asterion
 25103 | Snake:1  | Noticed Aizul
 25119 | Snake:1  | Killed Aizul
 25395 | Snake:2  | Found a shimmering altar of Xom.
 25629 | Snake:2  | Found a radiant altar of Vehumet.
 25869 | Snake:2  | Identified Roxanne's Disquisition on Transformation
 25869 | Snake:2  | Noticed Roxanne
 26374 | Snake:3  | Identified the Volume of Ensnaring Calling
 27169 | Snake:4  | Entered Level 4 of the Snake Pit
 27300 | Snake:4  | Reached XP level 17. HP: 152/152 MP: 24/24
 27360 | Snake:4  | Noticed Mara
 27369 | Snake:4  | Noticed Diggabert's illusion
 27372 | Snake:4  | Killed Mara
 29137 | Snake:4  | Reached skill level 15 in Fighting
 29184 | Snake:4  | Got a serpentine rune of Zot
 29440 | Shoals:1 | Entered Level 1 of the Shoals
 29718 | Shoals:1 | Reached XP level 18. HP: 134/163 MP: 26/26
 30329 | Shoals:2 | Found the +9 sword of Zonguldrok {reap}
 30422 | Shoals:2 | Noticed Ilsuiw
 30438 | Shoals:2 | Killed Ilsuiw
 31974 | Shoals:4 | Entered Level 4 of the Shoals
 31984 | Shoals:4 | Noticed Polyphemus
 32003 | Shoals:4 | Killed Polyphemus
 32289 | Shoals:4 | Noticed Bai Suzhen
 33463 | Shoals:4 | Reached XP level 19. HP: 143/172 MP: 27/27
 33482 | Shoals:4 | Killed Bai Suzhen
 33922 | Shoals:4 | Got a barnacled rune of Zot
 33955 | Shoals:4 | Cast into level 3 of the Abyss (merfolk impaler)
 34224 | Shoals:4 | Escaped the Abyss
 34902 | Elf:1    | Entered Level 1 of the Elven Halls
 36092 | Elf:2    | Found a huge runed translucent gate.
 36092 | Elf:2    | Found a huge runed translucent gate.
 36092 | Elf:2    | Found a huge runed translucent gate.
 36092 | Elf:2    | Found a huge runed translucent gate.
 36092 | Elf:2    | Found a huge runed translucent gate.
 36094 | Elf:2    | Reached skill level 15 in Armour
 36538 | Elf:3    | Entered Level 3 of the Elven Halls
 36554 | Elf:3    | Found a transporter.
 36554 | Elf:3    | Noticed flotson's ghost (adept DsMo)
 36573 | Elf:3    | Killed flotson's ghost
 36600 | Elf:3    | Found a transporter.
 36602 | Elf:3    | Got a pair of brightly glowing gloves
 36613 | Elf:3    | Identified the cursed +0 pair of gloves "Cyfilos" {rN+
                  | Regen+} (You found it on level 3 of the Elven Halls)
 36798 | Elf:3    | Noticed a Tzitzimitl
 36805 | Elf:3    | Reached skill level 15 in Dodging
 37191 | Elf:3    | Reached XP level 20. HP: 183/183 MP: 29/29
 37217 | Elf:3    | Found a shimmering blue altar of Sif Muna.
 38050 | Elf:3    | Cast into level 3 of the Abyss (a deep elf demonologist)
 38050 | Abyss:3  | Found a corrupted altar of Lugonu.
 38641 | Elf:3    | Escaped the Abyss
 38655 | Elf:3    | Identified the +7 halberd of Cetoegu {freeze, rN+ Int-5
                  | SInv}
 38685 | Elf:3    | Identified the +5 great mace of the Six Friars {vorpal,
                  | rPois rF+ MP+9}
 38685 | Elf:3    | Identified the +1 leather armour of Unwupsu Wuys {Str+3
                  | Dex-5}
 38751 | Elf:3    | Cast into level 3 of the Abyss (a deep elf demonologist)
 38751 | Abyss:3  | Found a corrupted altar of Lugonu.
 38869 | Elf:3    | Escaped the Abyss
 38895 | Elf:3    | Cast into level 3 of the Abyss (a deep elf demonologist)
 39485 | Elf:3    | Escaped the Abyss
 39557 | Elf:3    | Cast into level 3 of the Abyss (a deep elf demonologist)
 39557 | Abyss:3  | Found a corrupted altar of Lugonu.
 39714 | Abyss:3  | Found a corrupted altar of Lugonu.
 40075 | Abyss:3  | Noticed an ancient lich
 40084 | Abyss:3  | Killed an ancient lich
 40196 | Abyss:3  | Gained mutation: You are weak. (Str -2) [a neqoxec]
 40218 | Abyss:3  | Reached XP level 21. HP: 194/194 MP: 30/30
 40225 | Abyss:3  | Paralysed by accursed screaming for 1 turns
 40495 | Abyss:4  | Paralysed by accursed screaming for 1 turns
 40499 | Abyss:4  | Paralysed by accursed screaming for 2 turns
 40635 | Abyss:4  | Gained mutation: Your flesh is cold resistant. (rC+) [a
                  | cacodemon]
 40670 | Elf:3    | Escaped the Abyss
 40831 | Elf:3    | Identified the +5 rapier of Fefrusoe {freeze, +Rage rC+
                  | Dex-5}
 40833 | Elf:3    | Identified the +9 great mace "Exyvvol" {antimagic, +Inv
                  | rC+}
 40911 | Elf:3    | Identified Sif Muna's Disquisition on the Ensnaring Blaze
 40973 | Elf:3    | Identified a +1 pair of boots of running (You found it on
                  | level 3 of the Elven Halls)
 41254 | Vaults:1 | Entered Level 1 of the Vaults
 41522 | Vaults:1 | Identified the Disquisition on Ashen Shape Shifting
 42045 | Vaults:1 | Found a runed translucent gate.
 42046 | Vaults:1 | Found a runed translucent gate.
 42046 | Vaults:1 | Found a runed translucent gate.
 42046 | Vaults:1 | Noticed Lolleill's ghost (adept DgTm)
 42073 | Vaults:1 | Killed Lolleill's ghost
 43147 | Vaults:2 | Found Vemamm's Book Emporium.
 43449 | Vaults:2 | Reached XP level 22. HP: 205/205 MP: 31/31
 43625 | Vaults:2 | Found a runed translucent gate.
 43625 | Vaults:2 | Found a runed translucent gate.
 43625 | Vaults:2 | Found a runed translucent gate.
 43625 | Vaults:2 | Noticed Snicker's ghost (adept DrIE)
 43625 | Vaults:2 | Identified the +7 scimitar "Worm" {freeze, rN+++ Int+7}
 43625 | Vaults:2 | Identified the cursed -1 kite shield "Soput" {rF++ rC+
                  | Stlth+}
 43626 | Vaults:2 | Identified the cursed +0 eveningstar of Ifrion {vorpal,
                  | Str+4}
 43626 | Vaults:2 | Identified the +5 chain mail of Ickeafit {*Drain rElec
                  | rF++}
 43626 | Vaults:2 | Identified the +5 demon blade "Headag" {pain, rElec rC-
                  | MR+++ Dex-2 SInv}
 43626 | Vaults:2 | Identified the cursed +0 chain mail of Pathos {+Blink rF-
                  | Str+6}
 43628 | Vaults:2 | Found a roughly hewn altar of Beogh.
 43721 | Vaults:1 | Killed Snicker's ghost
 44229 | Vaults:2 | Got a transparent copper amulet
 44254 | Vaults:2 | Identified the amulet of Zadel {Inacc Str+3 SInv} (You
                  | found it on level 2 of the Vaults)
 44299 | Vaults:2 | You fall into a shaft and drop 1 floor!
 44737 | Vaults:2 | Found a sparkling altar of Nemelex Xobeh.
 44763 | Vaults:2 | Found Wasius's General Store.
 44772 | Vaults:2 | Bought a +4 ring of evasion for 684 gold pieces
 45220 | Vaults:3 | Found a staircase to the Crypt.
 46194 | Vaults:4 | Found a magical portal.
 46199 | WizLab   | Entered Zonguldrok's Shrine
 46863 | Vaults:4 | Reached XP level 23. HP: 155/211 MP: 0/33
 47485 | Vaults:5 | Entered Level 5 of the Vaults
 47772 | Vaults:5 | Reached skill level 15 in Invocations
 47825 | Vaults:5 | Paralysed by an ogre mage for 2 turns
 48082 | Vaults:5 | Got a pair of jewelled gloves
 48093 | Vaults:5 | Identified the cursed +0 pair of gloves of the Spider Nest
                  | {rN+ Str+5 Dex-4} (You found it on level 5 of the Vaults)
 48119 | Vaults:5 | Identified the Incunabulum of Ensnaring Cold
 48216 | Vaults:5 | Got a silver rune of Zot
 48326 | Vaults:5 | Identified the Catalogue of Changing and Feathers
 48454 | Vaults:5 | Got a twisted chain mail
 48465 | Vaults:5 | Identified the +3 chain mail "Leuboast" {Dex+4} (You found
                  | it on level 5 of the Vaults)
 48496 | Vaults:5 | Identified Sif Muna's Papyrus of Transformation and Arcane
                  | Weapons
 49211 | Depths:1 | Entered Level 1 of the Depths
 49283 | Depths:1 | Found a gateway to a ziggurat.
 49421 | Depths:1 | Reached XP level 24. HP: 224/224 MP: 33/33
 49636 | Depths:1 | Found a gateway to Hell.
 49876 | Depths:1 | Reached skill level 27 in Shields
 49991 | Depths:1 | Got an encrusted chain mail
 50002 | Depths:1 | Identified the +5 chain mail of Soft Surprise {Harm rElec
                  | Str+4} (You found it on level 1 of the Depths)
 50819 | Depths:3 | Noticed a juggernaut
 50828 | Depths:3 | Killed a juggernaut
 51246 | Depths:3 | Found a one-way gate leading to the halls of Pandemonium.
 52568 | Depths:4 | Found a one-way gate to the infinite horrors of the Abyss.
 52643 | Depths:4 | Noticed Frederick
 52664 | Depths:4 | Killed Frederick
 52797 | Depths:4 | Reached XP level 25. HP: 236/236 MP: 33/33
 52984 | Depths:4 | You fall into a shaft and drop 1 floor!
 52984 | Depths:5 | Entered Level 5 of the Depths
 53527 | Depths:4 | Found a runed translucent gate.
 53527 | Depths:4 | Found a runed translucent gate.
 53527 | Depths:4 | Found a runed translucent gate.
 53569 | Depths:4 | Reached skill level 27 in Maces & Flails
 53627 | Depths:4 | Found a runed translucent gate.
 53627 | Depths:4 | Found a runed translucent gate.
 53627 | Depths:4 | Found a runed translucent gate.
 54513 | Depths:5 | Found a gate to the Realm of Zot.
 55763 | Zot:1    | Entered Level 1 of the Realm of Zot
 56738 | Zot:1    | Reached XP level 26. HP: 239/253 MP: 34/34
 58397 | Zot:3    | Noticed an ancient lich
 58449 | Zot:2    | Killed an ancient lich
 60199 | Zot:4    | Reached XP level 27. HP: 265/265 MP: 34/34
 60419 | Zot:4    | Reached skill level 27 in Fighting
 61334 | Zot:5    | Entered Level 5 of the Realm of Zot
 61555 | Zot:5    | Noticed an ancient lich
 61560 | Zot:5    | Noticed an ancient lich
 61588 | Zot:5    | Noticed an orb of fire
 61662 | Zot:5    | Gained mutation: You tend to lose your temper in combat.
                  | [an orb of fire]
 61663 | Zot:5    | Gained mutation: You often lose your temper in combat. [an
                  | orb of fire]
 61672 | Zot:5    | Noticed an orb of fire
 61672 | Zot:5    | Gained mutation: You are resistant to electric shocks.
                  | (rElec) [an orb of fire]
 61673 | Zot:5    | Gained mutation: Armour fits poorly on your strangely
                  | shaped body. [an orb of fire]
 61681 | Zot:4    | Gained mutation: You have supernaturally acute eyesight.
                  | (SInv) [an orb of fire]
 61682 | Zot:4    | Gained mutation: You are dopey. (Int -2) [an orb of fire]
 61683 | Zot:4    | Gained mutation: Your spells are a little easier to cast,
                  | but a little less powerful. [an orb of fire]
 61694 | Zot:4    | Killed an orb of fire
 61909 | Zot:4    | Gained mutation: Your magical capacity is low. (-10% MP)
                  | [an orb of fire]
 61914 | Zot:4    | Killed an orb of fire
 61983 | Zot:5    | Killed an ancient lich
 61986 | Zot:5    | Killed an ancient lich
 62105 | Zot:5    | Noticed an ancient lich
 62119 | Zot:5    | Killed an ancient lich
 62167 | Zot:5    | Noticed a juggernaut
 62167 | Zot:5    | a Killer Klown changed into a juggernaut
 62171 | Zot:5    | Killed a juggernaut
 62284 | Zot:5    | Noticed an ancient lich
 62292 | Zot:5    | Killed an ancient lich
 62301 | Zot:5    | Noticed an ancient lich
 62320 | Zot:5    | Killed an ancient lich
 62593 | Zot:5    | Noticed an ancient lich
 62610 | Zot:5    | Killed an ancient lich
 62680 | Zot:5    | Noticed an ancient lich
 62690 | Zot:5    | Killed an ancient lich
 62730 | Zot:5    | Noticed an ancient lich
 62739 | Zot:5    | Killed an ancient lich
 63097 | Zot:5    | Got the Orb of Zot
 63531 | D:11     | Noticed Inecs the pandemonium lord
 63723 | D:4      | Noticed Yhopebekh the pandemonium lord
 63767 | D:$      | Escaped with the Orb!

Illustrated notes

Levels and vault maps discovered:
D:1:      dpeg_arrival_rhombi, layout_loops_ring
D:2:      layout_rooms, first_ration, serial_bayou_lake_a
D:3:      minmay_wonky_spiral, layout_basic,
          chequers_temple_overflow_minitemple, solitary_fountain,
          minmay_ruptured, uniq_jessica
D:4:      layout_basic
D:5:      layout_basic, uniq_blork_the_orc
D:6:      layout_loops_corners, grunt_temple_overflow_gold_and_silver,
          minmay_temple_entry_butterflies, biasface_ghost_orc_armoury,
          basic_altar, uniq_grinder
D:7:      layout_loops_ring, serial_bayou_pond_e, uniq_maggie
D:8:      layout_basic, grunt_temple_overflow_open, ebering_ghost_inner_flame,
          serial_shops, kennysheep_mini_moat, grunt_livestock
D:9:      layout_gridville, hangedman_abyss_or_decor_clamps
D:10:     layout_loops_ring, david_lair_generic, minmay_misc_feat_tower,
          fedhas_altar_fruit_tree, uniq_fannar, uniq_grum, uniq_joseph
D:11:     layout_rooms, orc_david_3, nicolae_trove_entry_path_of_doom,
          st_stairs_6, minmay_misc_feat_doors, uniq_urug
D:12:     layout_irregular_city, serial_column_ruins, column_ruins_square_large,
          column_ruins_grid_3, column_ruins_open_medium,
          column_ruins_open_small, column_ruins_columns_corner, uniq_maurice
D:13:     layout_loops_ring, serial_shops, shop_fountains, shop, special_room
          [special_room_bee]
D:14:     layout_gridville, erik_vaults_2, hangedman_abyss_or_decor_passed,
          st_stairs_13, hangedman_decor_growths, lightli_corner_chamber,
          uniq_agnes
D:15:     grunt_enter_depths_snipers, layout_gridville,
          portal_ice_cave_entry_pillars_1, elyvilon_altar_5,
          grunt_decor_arrowhead
Lair:1:   minmay_guarded_unrand_snakebite, layout_gridlike,
          chequers_serial_rivers_micro_e, uniq_nergalle, uniq_erica
Lair:2:   layout_cave_pods, elwin_shoals_entry_stream, beast_lair_carwin_6,
          lemuel_fruit_fields, uniq_gastronok
Lair:3:   layout_gridlike, guppyfry_snake_entry_island, basic_altar
Lair:4:   hangedman_what_comes_after_a, layout_loops_ring
Lair:5:   onia_ninara_swampy_vault, layout_regular_city,
          hellmonk_ghost_happy_afterlife, basic_altar, uniq_kirke
Lair:6:   minmay_lair_end_enchanted_forest, layout_hall_layers, slime_dummy,
          basic_altar, nicolae_quartered_pool_little
Shoals:1: layout_shoals, st_sunken_huts
Shoals:2: layout_shoals, nicolae_shoals_seven_spires, uniq_ilsuiw
Shoals:3: layout_shoals, st_shoals_ruin
Shoals:4: shoals_end_grunt_ice, layout_shoals, uniq_bai_suzhen, uniq_polyphemus
Snake:1:  layout_chambers, serial_bayou_shore_b, uniq_aizul, uniq_asterion
Snake:2:  layout_misc_corridors, hangedman_feature_mirror, uniq_roxanne
Snake:3:  layout_cave_town
Snake:4:  grunt_snake_rune_pools, layout_cave_town, nicolae_snake_shapes,
          uniq_mara
Orc:1:    layout_diamond_mine, uniq_josephine
Orc:2:    st_orc_elflike, layout_caves
Elf:1:    layout_geoelf_octagon, evilmike_minifort
Elf:2:    layout_gridlike
Elf:3:    elf_hall_gauntlet_narrow, layout_geoelf_grid, basic_altar,
          gammafunk_ghost_berserking_beasts
Vaults:1: gammafunk_vaults_ghost_spectres, vaults_dpeg_cross, v_rooms_1,
          v_misc_29, vaults_room_semicircle, ontoclasm_vaults_chip,
          layout_vaults_omnigrid
Vaults:2: biasface_vaults_ghost_orc_armoury, v_misc_3, vaults_mumra_minichess,
          hangedman_vaults_cutoff, vaults_dpeg_diagonal,
          nicolae_vaults_murderbox, vaults_room_mumra_shop_pool,
          v_alt_pattern_5, vaults_mumra_hexcomb, ontoclasm_vaults_tryst,
          ontoclasm_vaults_shuriken, vaults_dpeg_hooks,
          nicolae_vaults_network_periphery, ontoclasm_vaults_fault,
          layout_vaults_ring, serial_shops, shop, basic_altar
Vaults:3: nicolae_vaults_ninety_degrees, minmay_crypt_entry_simple_round,
          nicolae_vaults_theta, v_pattern_5, hangedman_vaults_unwind,
          nicolae_vaults_little_squares_4, nicolae_vaults_an_arrangement,
          nicolae_vaults_network_s, v_rooms_4, v_alt_pattern_3,
          layout_vaults_omnibox
Vaults:4: nicolae_vaults_border_crossing, hangedman_vaults_stitches, v_misc_17,
          st_octagons_1, nicolae_vaults_alarming, grunt_vaults_swirl, v_misc_27,
          grunt_vaults_hallway_long, ontoclasm_vaults_pinch, vaults_room_fours,
          grunt_vaults_bifocal, v_alt_pattern_3, v_misc_8, layout_vaults_maze,
          mu_enter_wizlab_4
Vaults:5: serial_shops
Depths:1: layout_cave_pools, enter_ziggurat_a, hell_entry,
          hangedman_decor_clover_reticule, kennysheep_diamond,
          kennysheep_cross_room, kennysheep_opposing_triangles,
          serial_bayou_shore_b
Depths:2: kennysheep_six_static_rooms, layout_cave_shapes, hex_tiny,
          hangedman_coc_ice_floe, infiniplex_staircase_split_hallway
Depths:3: minmay_four_inscribed_fans, layout_basic, hell_entry, minivault_11,
          grunt_pan_entry_spiral, minmay_misc_feat_x, kennysheep_just_a_vault,
          infiniplex_staircase_spiral
Depths:4: kennysheep_treasure_stockpile, layout_basic, kennysheep_crisscross,
          grunt_hell_entry_dis_grunt, abyss_entry, grunt_megastairs_3,
          uniq_frederick
Depths:5: grunt_zot_entry_gee_three, layout_cave_shapes, rand_demon_pan_entry_4,
          minmay_misc_feat_nine_boxes, hell_entry
Zot:1:    layout_gridlike
Zot:2:    layout_gridlike
Zot:3:    layout_cathedral_of_symmetry, hangedman_snap_crack_crunch
Zot:4:    kennysheep_ambush_hall, layout_cellular_growth, zot_minivault_3
Zot:5:    layout_misc_corridors

Skill      XL: |  1  2  3  4  5  6  7  8  9 10 11 12 13 14 15 16 17 18 19 20 21 22 23 24 25 26 27 |
---------------+----------------------------------------------------------------------------------+-----
Fighting       | 4 5 6 7 8 9 11 12 14 15 16 18 19 20 21 23 26 27 | 27.0
Armour         | 4 5 6 7 8 9 10 11 12 13 14 15 16 17 18 19 21 25 | 25.4
Shields        | 4 5 7 8 10 11 13 15 16 17 19 20 21 22 23 25 26 27 | 27.0
Maces & Flails | 3 4 5 6 7 9 10 11 13 15 18 19 20 21 22 23 24 25 26 27 | 27.0
Dodging        | 1 2 3 4 5 6 7 8 10 11 12 14 15 16 17 18 19 21 | 21.2
Invocations    | 1 2 4 6 7 9 10 11 12 13 14 15 16 | 16.4

Action                   |  1- 3 |  4- 6 |  7- 9 | 10-12 | 13-15 | 16-18 | 19-21 | 22-24 | 25-27 || total
-------------------------+-------+-------+-------+-------+-------+-------+-------+-------+-------++-------
Melee: Flail             |    70 |    91 |   218 |   478 |       |       |       |       |       ||   857
       Headbutt          |    12 |    16 |    52 |   155 |   303 |   362 |   485 |   654 |   579 ||  2618
       Demon trident     |       |       |       |    67 |       |       |       |       |       ||    67
       Eveningstar       |       |       |       |    52 |  1093 |  1254 |  1542 |  1805 |  1562 ||  7308
Throw: Throwing net      |       |       |       |       |     1 |     1 |     3 |       |       ||     5
Invok: Lesser Servant of |       |       |       |     1 |     2 |     1 |     2 |     1 |     1 ||     8
       Greater Servant o |       |       |       |       |     1 |     3 |     1 |     4 |     1 ||    10
       Major Destruction |       |       |       |       |       |     1 |       |       |       ||     1
  Use: Scroll            |       |       |     9 |     3 |    22 |     9 |    12 |    10 |     1 ||    66
       Potion            |       |       |     1 |     1 |     2 |     3 |     5 |     8 |     1 ||    21
 Stab: Distracted        |       |       |       |       |     1 |       |       |       |       ||     1
       Confused          |       |       |       |       |       |       |     1 |       |       ||     1
       Petrifying        |       |       |       |       |       |       |     2 |       |       ||     2
       Invisible         |       |       |       |       |       |       |       |     5 |       ||     5
  Eat: Chunk             |     1 |     7 |    10 |    19 |    28 |    21 |    18 |    30 |    17 ||   151
       Ration            |       |       |       |     1 |     2 |     5 |     4 |       |     5 ||    17
Armor: Scale mail        |    31 |    34 |    21 |       |       |       |       |       |       ||    86
       Chain mail        |       |       |     7 |       |       |       |       |       |       ||     7
       Plate armour      |       |       |    26 |   263 |   464 |   521 |   412 |   361 |   246 ||  2293
Dodge: Dodged            |    11 |    19 |    32 |   147 |   336 |   529 |   528 |   640 |   485 ||  2727
Block: Kite shield       |    47 |    51 |   140 |   501 |  1123 |  1475 |  1436 |   336 |       ||  5109
       Reflection        |       |       |     7 |    25 |    95 |   221 |   108 |   149 |    34 ||   639
       Tower shield      |       |       |       |       |       |       |     3 |  1960 |  1675 ||  3638
       Other             |       |       |       |       |       |       |     2 |       |       ||     2
